 Dungeon Crawl Stone Soup version 0.32-a0-141-g04fe69798e (webtiles) character file.

Game seed: 10787220830589769612

7362 Muffindrake the Geomancer (level 10, -3/78 HPs)
             Began as a Yellow Draconian Earth Elementalist on Feb 10, 2024.
             Was a Plaything of Xom.
             Slain by a yak (10 damage)
             ... on level 9 of the Dungeon on Feb 11, 2024.
             The game lasted 01:08:14 (11489 turns).

Muffindrake the Geomancer (DrEE)                   Turns: 11489, Time: 01:08:14

Health: -3/78      AC:  9    Str:  9    XL:     10   Next: 91%
Magic:  19/30      EV: 13    Int: 17    God:    Xom [.....*]
Gold:   501        SH:  0    Dex: 16    Spells: 5/23 levels left

rFire   + + .        q - +2 dagger (venom)
rCold   + + .        B - orb {guile}
rNeg    + . .        (body armour unavailable)
rPois   .            (helmet restricted)
rElec   +            D - scarf {repulsion}
rCorr   +            L - +1 pair of gloves {hurl}
SInv    .            (no boots)
Will    .....        (no amulet)
Stlth   ++           i - ring of positive energy
HPRegen 0.33/turn    H - ring of magical power
MPRegen 0.22/turn

%: repel missiles
@: short of breath
A: spit acid, AC +7, unfitting armour, cold-blooded, acid resistance, horns 1,
agile 1, cold resistance 2, dopey 1, fire resistance 2, strong-willed 1,
electricity resistance, wild magic 1, MP-powered wands
a: Breathe Acid, Renounce Religion


You were on level 9 of the Dungeon.
You worshipped Xom.
You were Xom's teddy bear.
You visited 2 branches of the dungeon, and saw 10 of its levels.
You also visited: Sewer.

You collected 688 gold pieces.
You spent 187 gold pieces at shops.

Inventory:

Hand Weapons
 q - a +2 dagger of venom (weapon)
 N - a +0 spear of distortion
Missiles
 v - 5 javelins
Armour
 b - a +0 cloak
 u - the +0 pair of boots of Negation {rElec rC- rN+++ Int-3}
   (You found it on level 4 of the Dungeon)

   Int-3:     It affects your intelligence (-3).
   rC-:       It makes you vulnerable to cold.
   rElec:     It insulates you from electricity.
   rN+++:     It renders you almost immune to negative energy.
 B - an orb of guile (worn)
 D - a scarf of repulsion (worn)
 L - a +1 pair of gloves of hurling (worn)
Jewellery
 i - a ring of positive energy (left hand)
 H - a ring of magical power (right hand)
 J - a ring of positive energy
Talismans
 l - a storm talisman
 y - a flux talisman
Wands
 x - a wand of acid (12)
 z - a wand of paralysis (11)
 F - a wand of polymorph (8)
 I - a wand of roots (13)
Scrolls
 c - a scroll of amnesia
 e - 2 scrolls of revelation
 k - a scroll of silence {unknown}
 n - 2 scrolls of fear {unknown}
 s - a scroll of noise {unknown}
 t - 3 scrolls of teleportation
 A - a scroll of enchant armour {unknown}
 K - a scroll of blinking {unknown}
 M - a scroll of torment {unknown}
Potions
 a - 3 potions of magic
 d - 2 potions of heal wounds
 f - 2 potions of ambrosia
 g - a potion of might
 h - a potion of lignification {unknown}
 j - a potion of berserk rage {unknown}
 m - 4 potions of enlightenment
 o - 4 potions of resistance
 p - 3 potions of curing
 r - 2 potions of mutation
 w - a potion of haste {unknown}
 C - 3 potions of brilliance {unknown}
 E - a potion of attraction {unknown}
 G - a potion of cancellation {unknown}


   Skills:
 - Level 4.0 Fighting
 + Level 5.7 Short Blades
 - Level 3.0 Dodging
 - Level 1.7 Stealth
 + Level 7.3 Spellcasting
 + Level 5.8 Conjurations
 - Level 2.0 Necromancy
 * Level 9.1 Earth Magic
 + Level 6.7 Alchemy
 + Level 2.7 Evocations


You had 5 spell levels left.
You knew the following spells:

 Your Spells              Type           Power      Damage    Failure   Level
a - Sandblast             Erth           96%        2d20      1%          1
b - Sublimation of Blood  Necr           16%        N/A       12%         2
c - Passwall              Erth           48%        N/A       1%          3
d - Petrify               Alch/Erth      43%        N/A       7%          4
e - Stone Arrow           Conj/Erth      82%        3d12      3%          3
f - Mephitic Cloud        Conj/Alch/Air  26%        N/A       10%         3
g - Mercury Vapours       Alch/Air       46%        N/A       7%          2

Your spell library contained the following spells:

 Spells                   Type           Power      Damage    Failure   Level
 Kiss of Death            Conj/Necr      100%       2d13      4%          1
 Shock                    Conj/Air       84%        1d8       5%          1
 Cigotuvi's Dreadful Rot  Necr/Alch/Air  42%        N/A       8%          2
 Brom's Barrelling Bould  Conj/Erth      41%        2d6       9%          4
 Call Imp                 Summ           16%        N/A       24%         2
 Confusing Touch          Hex            8%         N/A       41%         3
 Swiftness                Air            8%         N/A       41%         3
 Dispel Undead            Necr           16%        3d10      52%         4
 Martyr's Knell           Necr/Summ      12%        N/A       67%         4
 Airstrike                Air            4%         2d(1-17)  80%         4
 Freezing Cloud           Conj/Ice/Air   8%         6-21      86%         5
 Death Channel            Necr           8%         N/A       100%        6
 Plasma Beam              Fire/Air       4%         2x1d14    100%        6
 Summon Hydra             Summ           4%         N/A       100%        7


Dungeon Overview and Level Annotations

Branches:
Dungeon (9/15)             Temple (1/1) D:7           Sewer (visited)
   Lair: D:8-11         Orc: D:9-12

Altars:
Ashenzari
Cheibriados
Dithmenos
Elyvilon
Fedhas
Gozag
Hepliaklqana
Kikubaaqudgha
Makhleb
Nemelex Xobeh
Okawaru
Qazlal
Ru
Sif Muna
Trog
Uskayaw
Vehumet
Wu Jian
Xom
Yredelemnul
Zin

Shops:
D:7 [   D:8 [*


Innate Abilities, Weirdness & Mutations

You can spit globs of acid.
Your golden yellow scales are hard. (AC +7)
You cannot fit into any form of body armour.
You are cold-blooded and may be slowed by cold attacks.
You are resistant to acid. (rCorr)
You have a pair of small horns on your head.
You are agile. (Dex +4, Str/Int -1)
Your flesh is very cold resistant. (rC++)
You are dopey. (Int -2)
Your flesh is very heat resistant. (rF++)
You are strong-willed. (Will+)
You are resistant to electric shocks. (rElec)
Your spells are a little harder to cast, but a little more powerful.
You expend magic power (3 MP) to strengthen your wands.


Message History

The helpless yak fails to defend itself.
You impale the yak!!
The yak looks as sick as possible!
You headbutt the yak.
You tail-slap the yak, but do no damage.
The yak is severely wounded.
The yak closely misses you. x2
The helpless yak fails to defend itself.
You impale the yak!!
You kill the yak!
The yak gores you but does no damage. The yak gores you!
Unknown command.
The yak gores you but does no damage.
There is an open door, spattered with blood here.
You see here a yak corpse. "Serve the toy, my child!"
The yak gores you.
* * * LOW HITPOINT WARNING * * *
The yak attacks as it pursues you! The yak gores you.
* * * LOW HITPOINT WARNING * * *
Unknown command.
Press: ? - help, Shift-Dir - straight line, f - yak
Aim: a yak (moderately wounded, ally target, 78% to hit)
You spit a glob of acid.
The glob of acid hits the yak!!
The acid corrodes the yak!
The acid splashes onto the yak!
The yak is splashed with acid.
The acid corrodes the yak!
The yak is almost dead. "Hum-dee-hum-dee-hum..."
The yak seems to slow down.
The yak is no longer moving slowly.
The yak gores you.
* * * LOW HITPOINT WARNING * * *
Unknown command.
Unknown command.
The yak attacks as it pursues you! The yak gores you.
* * * LOW HITPOINT WARNING * * *
Your iron imp hits the yak!
The yak dies!
The yak attacks as it pursues you! The yak gores you.
* * * LOW HITPOINT WARNING * * *
Your iron imp hits the yak.
The yak attacks as it pursues you! The yak gores you!
You die...

. .. ###### ...
#....################.. ####
#....#............... ....
#....#.............#######....
####....#######'####†##.........[
...>............@Y.†.†...........
...##..............5##..##.......
...).....###..####..##...........
..<)[............................
#################################


You could see a yak (corroded, ally target) and a friendly iron imp (summoned).

Vanquished Creatures
  Joseph (D:8)
  Maggie (D:6)
  Prince Ribbit (D:7)
  Grinder (D:3)
  8 yaks
  A wraith (D:8)
  2 steam dragons (D:8)
  An acid dragon (D:8)
  Duvessa (D:6)
  3 water moccasins
  3 sky beasts
  An ice beast (D:6)
  3 black bears
  2 ogres
  A phantom (D:5)
  A kobold brigand (D:6)
  3 bullfrogs (D:7)
  2 gnoll sergeants
  A brain worm (Sewer)
  4 necrophages (D:8)
  4 scorpions
  A water moccasin zombie (D:5)
  13 wights
  Dowan (D:6)
  8 killer bees
  A bullfrog zombie (D:5)
  4 centaur zombies
  A quasit (D:6)
  3 hounds
  3 jellies
  2 orc priests
  2 bombardier beetles
  A scorpion zombie (D:5)
  A sleepcap (D:7)
  4 iguanas
  4 orc wizards
  A killer bee zombie (D:5)
  A hound zombie (D:5)
  Robin (D:2)
  8 adders
  14 gnolls
  5 river rats
  A shadow imp (D:8)
  8 white imps
  10 ufetubi
  9 dart slugs
  8 orcs
  4 endoplasms
  5 giant cockroaches
  14 goblins
  13 hobgoblins
  11 jackals
  15 kobolds
  7 quokkas
  14 ball pythons
  7 bats
  8 frilled lizards
  3 rats
261 creatures vanquished.

Vanquished Creatures (collateral kills)
  A yak (D:9)
1 creature vanquished.

Grand Total: 262 creatures vanquished

Notes
Turn   | Place    | Note
-------+----------+-------------------------------------------
     0 | D:1      | Muffindrake the Draconian Earth Elementalist began the
                  | quest for the Orb.
     0 | D:1      | Reached XP level 1. HP: 14/14 MP: 3/3
   134 | D:1      | Found a faded altar of an unknown god.
   309 | D:1      | Reached XP level 2. HP: 7/20 MP: 1/5
   380 | D:1      | Learned a level 2 spell: Sublimation of Blood
  1275 | D:2      | Found a shimmering altar of Xom.
  1281 | D:2      | Became a worshipper of Xom the Random
  1497 | D:2      | Reached XP level 3. HP: 26/26 MP: 4/6
  1501 | D:2      | Learned a level 3 spell: Passwall
  1591 | D:2      | Identified the +0 helmet of Eruqis {Str+5}
  1591 | D:2      | Noticed Robin
  1612 | D:2      | Killed Robin
  1613 | D:2      | Reached skill level 1 in Necromancy
  1616 | D:2      | Reached skill level 4 in Earth Magic
  1635 | D:2      | XOM: 1-stop teleportation journey
  1784 | D:2      | XOM: 5-stop teleportation journey
  1795 | D:2      | XOM: cloud trail
  1836 | D:2      | XOM: noise
  1863 | D:2      | XOM: noise
  1875 | D:2      | Reached XP level 4. HP: 32/33 MP: 3/7
  1959 | D:2      | XOM: noise
  2097 | D:2      | XOM: silly message
  2219 | D:2      | XOM: silly message
  2366 | D:3      | Reached XP level 5. HP: 13/38 MP: 0/9
  2449 | D:3      | Learned a level 4 spell: Petrify
  2467 | D:3      | Found a shimmering blue altar of Sif Muna.
  2775 | D:3      | Noticed Grinder
  2781 | D:3      | Found a snail-covered altar of Cheibriados.
  2818 | D:3      | XOM is BORED!
  2818 | D:3      | XOM: silly message
  2861 | D:3      | XOM: divination: magic mapping
  2862 | D:3      | XOM: potion effect (magic)
  2868 | D:3      | Killed Grinder
  2869 | D:3      | Reached skill level 5 in Earth Magic
  2869 | D:3      | Reached skill level 1 in Alchemy
  2869 | D:3      | Reached XP level 6. HP: 22/45 MP: 5/11
  3019 | D:3      | XOM: silly message
  3121 | D:3      | XOM: silly message
  3330 | D:3      | XOM: give mutations
  3330 | D:3      | Gained mutation: You have large cloven feet. [Xom's grace]
  3330 | D:3      | Gained mutation: You expend magic power (3 MP) to
                  | strengthen your wands. [Xom's grace]
  3330 | D:3      | Gained mutation: You are resistant to electric shocks.
                  | (rElec) [Xom's grace]
  3330 | D:3      | Gained mutation: You have a pair of small horns on your
                  | head. [Xom's grace]
  3631 | D:4      | Found a sacrificial altar of Ru.
  3684 | D:4      | Reached skill level 6 in Earth Magic
  3684 | D:4      | Your scales start taking on a golden yellow colour.
  3684 | D:4      | Reached XP level 7. HP: 51/51 MP: 9/13
  3684 | D:4      | Gained mutation: You are resistant to acid. (rCorr) [Yellow
                  | Draconian growth]
  3720 | D:4      | Identified the +0 pair of boots of Negation {rElec rC-
                  | rN+++ Int-3}
  3744 | D:4      | Learned a level 3 spell: Stone Arrow
  3767 | D:4      | XOM: 2-stop teleportation journey
  3845 | D:4      | XOM: 4-stop teleportation journey
  4003 | D:4      | XOM: give mutations
  4003 | D:4      | Gained mutation: You are dopey. (Int -2) [Xom's mischief]
  4003 | D:4      | Lost mutation: You have large cloven feet. [Xom's mischief]
  4003 | D:4      | Gained mutation: You have sharp toenails. [Xom's mischief]
  4003 | D:4      | Lost mutation: You have sharp toenails. [Xom's mischief]
  4155 | D:5      | Entered Level 5 of the Dungeon
  4266 | D:5      | Reached skill level 1 in Fighting
  4314 | D:5      | XOM is BORED!
  4314 | D:5      | Found a glowing silver altar of Zin.
  4314 | D:5      | XOM: 4-stop teleportation journey
  4419 | D:5      | Found a glowing drain.
  4432 | Sewer    | Entered a sewer
  4468 | Sewer    | XOM: 3-stop teleportation journey
  4617 | Sewer    | XOM: cloud trail
  4663 | Sewer    | XOM: 4-stop teleportation journey
  4666 | Sewer    | XOM: divination: detect creatures
  4693 | Sewer    | XOM: silly message
  4752 | Sewer    | XOM: silly message
  5358 | D:5      | Reached XP level 8. HP: 61/61 MP: 12/14
  5775 | D:5      | XOM: noise
  5855 | D:5      | Found a basalt altar of Yredelemnul.
  5868 | D:5      | XOM: confuse monster(s)
  6099 | D:6      | Reached skill level 1 in Short Blades
  6099 | D:6      | Reached skill level 5 in Spellcasting
  6206 | D:6      | XOM: noise
  6284 | D:6      | Noticed Duvessa
  6289 | D:6      | Noticed Dowan
  6293 | D:6      | XOM: silly message
  6305 | D:6      | Killed Duvessa
  6306 | D:6      | Reached skill level 7 in Earth Magic
  6314 | D:6      | XOM: cast spell 'Summon Small Mammal'
  6316 | D:6      | Killed Dowan
  6529 | D:6      | XOM: 1-stop teleportation journey
  6760 | D:6      | Reached XP level 9. HP: 69/69 MP: 14/17
  6825 | D:6      | XOM: god gift: potion of enlightenment
  6887 | D:6      | XOM: cast spell 'Fugue of the Fallen'
  6983 | D:6      | XOM: divination: detect creatures
  7046 | D:6      | Noticed Maggie
  7048 | D:6      | Reached skill level 5 in Alchemy
  7115 | D:6      | XOM: potion effect (curing)
  7120 | D:6      | XOM: cast spell 'Alistair's Intoxication'
  7194 | D:6      | XOM: potion effect (invisibility)
  7202 | D:6      | Killed Maggie
  7203 | D:6      | Reached skill level 8 in Earth Magic
  7406 | D:6      | XOM: divination: magic mapping
  7615 | D:6      | XOM: god gift: halberd {god gift}
  7890 | D:6      | XOM: 5-stop teleportation journey
  7920 | D:6      | XOM is BORED!
  8030 | D:6      | XOM: cloud trail
  8138 | D:6      | XOM: god gift: Xom's Parchment of Disarray {god gift}
  8139 | D:6      | Got Xom's Parchment of Disarray {god gift}
  8144 | D:6      | Learned a level 3 spell: Mephitic Cloud
  8149 | D:6      | Learned a level 2 spell: Mercury Vapours
  8251 | D:6      | XOM: give mutation
  8251 | D:6      | Gained mutation: Your flesh is cold resistant. (rC+) [Xom's
                  | grace]
  8449 | D:7      | XOM: give mutation
  8449 | D:7      | Gained mutation: You are strong-willed. (Will+) [Xom's
                  | grace]
  8529 | D:7      | Noticed Prince Ribbit
  8532 | D:7      | XOM: destruction
  8548 | D:7      | Killed Prince Ribbit
  8549 | D:7      | Reached XP level 10. HP: 24/78 MP: 13/19
  8578 | D:6      | XOM: scenery: summon butterflies
  8842 | D:7      | Found an iron altar of Okawaru.
  8899 | D:7      | Found a hazy altar of Hepliaklqana.
  9074 | D:7      | Found a staircase to the Ecumenical Temple.
  9083 | Temple   | Entered the Ecumenical Temple
  9379 | D:7      | Found Nyrghiom's Antique Armour Shop.
  9399 | D:7      | Found a sparkling altar of Nemelex Xobeh.
  9399 | D:7      | Found an opulent altar of Gozag.
  9415 | D:7      | Reached skill level 5 in Conjurations
  9543 | D:7      | XOM: summons 6 hostile demons
  9572 | D:7      | XOM: summons 1 hostile shadow creature
  9903 | D:8      | XOM: divination: detect items
  9952 | D:8      | Noticed Joseph
  9962 | D:8      | Killed Joseph
  9965 | D:8      | Reached skill level 5 in Short Blades
  9965 | D:8      | Reached skill level 1 in Evocations
  9965 | D:8      | XOM: blink monster(s)
 10091 | D:7      | XOM: polymorph kobold brigand -> jelly
 10165 | D:7      | XOM: swap monsters
 10200 | D:8      | XOM: potion effect (magic)
 10301 | D:8      | Identified the +1 leather armour "Apha Tau" {Int+2}
 10471 | D:8      | XOM: divination: detect creatures
 10512 | D:7      | XOM: give mutations
 10512 | D:7      | Gained mutation: Your spells are a little harder to cast,
                  | but a little more powerful. [Xom's grace]
 10512 | D:7      | Gained mutation: Your flesh is heat resistant. (rF+) [Xom's
                  | grace]
 10756 | D:8      | Found Qaluq's Antique Armour Emporium.
 10775 | D:8      | Bought a pair of glowing gloves for 187 gold pieces
 10926 | D:8      | Found a blossoming altar of Fedhas.
 10968 | D:8      | Found Hutan's Overcharged Wands.
 11009 | D:8      | XOM: give mutations
 11009 | D:8      | Gained mutation: Your flesh is very heat resistant. (rF++)
                  | [Xom's grace]
 11009 | D:8      | Gained mutation: You are agile. (Dex +4, Str/Int -1) [Xom's
                  | grace]
 11009 | D:8      | Gained mutation: Your flesh is very cold resistant. (rC++)
                  | [Xom's grace]
 11137 | D:8      | XOM: god gift: 58 gold pieces
 11212 | D:8      | XOM: fog
 11275 | D:8      | XOM: 3-stop teleportation journey
 11345 | D:9      | XOM: scenery: create altars
 11402 | D:9      | XOM: stat loss: -1 Dex (15/16)
 11444 | D:9      | XOM: silly message
 11448 | D:9      | XOM: scenery: 1 doors open
 11467 | D:9      | Reached skill level 9 in Earth Magic
 11485 | D:9      | XOM: summons friendly iron imp
 11486 | D:9      | XOM: enchant monster (good)
 11489 | D:9      | Slain by a yak

Illustrated notes

Levels and vault maps discovered:
D:1:      scummos_arrival_gate, layout_basic, ebering_ecumenical_altar_webs,
          glass_columns_c, minmay_tiny_reverse_x
D:2:      layout_loops_ring, basic_altar, uniq_robin
D:3:      layout_basic, nicolae_sif_muna_condensation, slow_altar_1,
          wander_ebering_terrifying_dragon_lair, uniq_grinder
D:4:      layout_rooms, nicolae_overflow_crystal_walls
D:5:      layout_cave_pods, nicolae_yredelemnul_corpse_copse,
          lemuel_round_altar, mainiacjoe_sewer_entry_somewhere_in_here_2
D:6:      layout_basic, serial_demonic, serial_demonic_f, serial_demonic_d,
          serial_demonic_c, serial_demonic_a, serial_demonic_a,
          serial_demonic_g, serial_demonic_g, serial_demonic_e, uniq_maggie,
          uniq_duvessa
D:7:      wad_woods_tower, layout_basic, grunt_temple_overflow_opulence,
          lemuel_tele_altar, mainiacjoe_overflow_alcove_1,
          minmay_temple_entry_overgrown, serial_shops, shop_statue,
          uniq_prince_ribbit1
D:8:      layout_rooms, fedhas_altar_decomposition, serial_shops,
          nicolae_lakefront_shop, nicolae_shop_overcharged_wands, uniq_joseph
D:9:      layout_stronghold, mainiacjoe_overflow_concentric_impassable,
          erik_lair_orcish_takeover, lemuel_flamethrower_1
Temple:   bh_familiar_temple

Skill      XL: |  1  2  3  4  5  6  7  8  9 10 |
---------------+-------------------------------+-----
Necromancy     | 1 2 |  2.0
Earth Magic    | 4 5 6 7 8 9 |  9.1
Spellcasting   | 3 4 5 6 7 |  7.3
Alchemy        | 1 2 3 4 5 6 |  6.7
Dodging        | 2 3 |  3.0
Fighting       | 1 3 4 |  4.0
Conjurations   | 2 4 5 |  5.8
Short Blades   | 1 4 5 |  5.7
Evocations     | 2 |  2.7
Stealth        | |  1.7

Action                     |  1- 3 |  4- 6 |  7- 9 | 10-12 || total
---------------------------+-------+-------+-------+-------++-------
  Melee: Club              |    33 |       |       |       ||    33
         Tailslap          |     6 |       |    49 |    57 ||   112
         Dagger            |    20 |     5 |   237 |   266 ||   528
         Kick              |       |     3 |     3 |       ||     6
         Headbutt          |       |     2 |    72 |    81 ||   155
         Punch             |       |       |     1 |       ||     1
   Cast: Sandblast         |    57 |    76 |   125 |    24 ||   282
         Petrify           |       |     1 |    25 |    29 ||    55
         Stone Arrow       |       |       |     5 |       ||     5
Ability: Breathe Acid      |       |       |     7 |     9 ||    16
    Use: Scroll            |       |     1 |     4 |     3 ||     8
         Potion            |       |       |     2 |       ||     2
   Stab: Petrified         |       |     2 |    50 |    57 ||   109
         Petrifying        |       |     1 |     8 |    18 ||    27
         Sleeping          |       |       |     1 |     2 ||     3
 Armour: Skin              |    63 |    13 |   237 |   213 ||   526
  Dodge: Dodged            |    59 |    21 |   280 |   208 ||   568
         Repelled          |       |       |       |     1 ||     1

Table legend: (Time is in decaauts)
 A = Elapsed time spent in this place.
 B = Non-inter-level travel time spent in this place.
 C = Inter-level travel time spent in this place.
 D = Time resting spent in this place.
 E = Time spent auto-exploring this place.
 F = Levels seen in this place.
 G = Mean time per level.
                   A        B        C        D        E       F      G
               +--------+--------+--------+--------+--------+-----+--------+
         Total |  11749 |  11541 |    208 |   2572 |   5715 |  11 | 1068.1 |
       Dungeon |  10746 |  10538 |    208 |   2397 |   5198 |   9 | 1194.0 |
        Temple |      1 |      1 |      0 |      0 |      0 |   1 |    1.0 |
         Sewer |   1001 |   1001 |      0 |    175 |    517 |   1 | 1001.0 |
               +--------+--------+--------+--------+--------+-----+--------+

Top non-repeatable levels by time:
     D:6: 2349 daAuts
     D:7: 1700 daAuts
     D:5: 1325 daAuts
     D:3: 1321 daAuts
     D:1: 1255 daAuts
     D:2: 1061 daAuts
   Sewer: 1001 daAuts
     D:8: 951 daAuts
     D:4: 595 daAuts
     D:9: 186 daAuts
  Temple: 1 daAuts
